 Dungeon Crawl Stone Soup version 0.26-a0-846-gcc8f1ee719 (webtiles) character file.

Game seed: 2466431897393179354

217 thedisplayname the Cudgeller (level 5, -1/42 HPs)
             Began as a Demonspawn Berserker on Nov 19, 2020.
             Was a Believer of Trog.
             Slain by an orc warrior
             ... wielding a +0 glaive
              (5 damage)
             ... on level 4 of the Dungeon.
             The game lasted 00:06:38 (4032 turns).

thedisplayname the Cudgeller (Demonspawn Berserker) Turns: 4032, Time: 00:06:39

Health: -1/42      AC: 12    Str: 19    XL:     5   Next: 61%
Magic:  5/5        EV:  8    Int: 14    God:    Trog [**....]
Gold:   181        SH:  0    Dex: 12    Spells: 4/4 levels left

rFire    + . .     SeeInvis .   a - +0 mace
rCold    . . .     Faith    .   (no shield)
rNeg     . . .     Spirit   .   m - +0 chain mail
rPois    .         Reflect  .   p - +2 hat
rElec    .         Harm     .   (no cloak)
rCorr    .         Rampage  .   (no gloves)
MR       ++...                  (no boots)
Stlth    ..........             (no amulet)
HPRegen  1.14/turn              i - +6 ring of intelligence
MPRegen  0.09/turn              (no ring)

@: berserk cooldown, regenerating, slowed, very slow
A: demonic guardian 1, fire resistance 1, sharp scales 1
a: Berserk, Trog's Hand, Renounce Religion


You were on level 4 of the Dungeon.
You worshipped Trog.
Trog was pleased with you.
You visited 1 branch of the dungeon, and saw 4 of its levels.

You collected 181 gold pieces.

Inventory:

Hand Weapons
 a - a +0 mace (weapon)
Armour
 b - a +0 animal skin
 m - a +0 chain mail (worn)
 o - a +0 ring mail
 p - a +2 hat (worn)
 r - a +0 plate armour
Jewellery
 i - a +6 ring of intelligence (left hand)
Wands
 n - a wand of acid (3)
Scrolls
 d - 6 scrolls of remove curse
 e - 3 scrolls of teleportation
 g - 2 scrolls of blinking {unknown}
 j - 2 scrolls of enchant armour
 k - 2 scrolls of fear {unknown}
 s - a scroll of identify
 t - a scroll of enchant weapon {unknown}
Potions
 c - a potion of curing
 f - a potion of magic
 h - 2 potions of haste {unknown}
 l - 3 potions of might
 q - a potion of ambrosia {unknown}


   Skills:
 + Level 4.1 Fighting
 * Level 4.4 Maces & Flails
 + Level 2.7 Armour
 - Level 2.2 Dodging


You had 4 spell levels left.
You didn't know any spells.
Your spell library was empty.

Dungeon Overview and Level Annotations

Branches:
Dungeon (4/15)
 Temple: D:4-7

Altars:
The Shining One


Innate Abilities, Weirdness & Mutations

A weak demonic guardian rushes to your aid.
Your flesh is heat resistant. (rF+)
You are partially covered in razor-sharp scales. (AC +1, Slay +1)


Message History

* * * LOW HITPOINT WARNING * * *
Your white imp misses the orc warrior.
You feel a strong urge to attack something.
An orc comes into view. It is wielding a +0 short sword.
The orc shouts!
You are no longer berserk.
You are exhausted.
You feel yourself slow down.
Your white imp gestures at the orc warrior.
The puff of frost hits the orc warrior!
Your white imp hits the orc warrior but does no damage.
An orc comes into view. It is wielding a +0 flail.
Your white imp disappears in a puff of smoke!
Your shadow imp hits the orc warrior but does no damage.
The orc warrior barely misses you.
Your shadow imp misses the orc warrior.
Okay, then.
Your skin crawls.
You feel resistant to hostile enchantments.
The orc warrior hits you from afar with a +0 glaive.
You die...

######################
...............##....... .
.......................# .
....................... #.
..o..............# #..+##.
...........##...####......
.....o.....##.....##......
...........#......#.......
.........@..+.._..........
.##........##.....#.......
####..5o.#......##......
#..#.)####+###...+###
#..#)...# ..#...###
......................
###+#.................#
......###.######..#
....#### .


You could see an orc warrior, 2 orcs and a friendly shadow imp (summoned).

Vanquished Creatures
  A crimson imp (D:4)
  An orc priest (D:4)
  A worker ant (D:4)
  A gnoll (D:1)
  3 adders
  4 dart slugs
  2 leopard geckos
  An orc (D:4)
  3 ball pythons
  4 bats
  6 giant cockroaches
  10 goblins
  10 hobgoblins
  3 jackals (D:3)
  2 kobolds (D:3)
  A quokka (D:2)
  3 frilled lizards
  3 goblin skeletons (D:4)
  A goblin zombie (D:4)
  3 hobgoblin zombies (D:4)
  3 kobold skeletons (D:4)
  An orc skeleton (D:4)
  2 orc zombies (D:4)
  3 rats
72 creatures vanquished.

Vanquished Creatures (collateral kills)
  An orc priest (D:4)
1 creature vanquished.

Grand Total: 73 creatures vanquished

Notes
Turn   | Place    | Note
-------+----------+-------------------------------------------
     0 | D:1      | thedisplayname the Demonspawn Berserker began the quest for
                  | the Orb.
     0 | D:1      | Reached XP level 1. HP: 18/18 MP: 1/1
   266 | D:1      | Gained mutation: You are partially covered in razor-sharp
                  | scales. (AC +1, Slay +1) [demonic ancestry]
   266 | D:1      | Reached XP level 2. HP: 9/24 MP: 2/2
   546 | D:1      | HP: 1/24 [gnoll/+0 spear (6)]
   886 | D:1      | Reached XP level 3. HP: 14/29 MP: 3/3
   898 | D:1      | HP: 1/29 [dart slug/slug dart (3)]
  1414 | D:1      | Reached ** piety under Trog
  1855 | D:2      | Gained mutation: Your flesh is heat resistant. (rF+)
                  | [demonic ancestry]
  1855 | D:2      | Reached XP level 4. HP: 27/36 MP: 4/4
  2066 | D:2      | Found a glowing golden altar of the Shining One.
  3084 | D:3      | Found a faded altar of an unknown god.
  3860 | D:4      | Found a glowing golden altar of the Shining One.
  3895 | D:4      | Gained mutation: A weak demonic guardian rushes to your
                  | aid. [demonic ancestry]
  3895 | D:4      | Reached XP level 5. HP: 42/42 MP: 5/5
  4013 | D:4      | Noticed an orc warrior
  4027 | D:4      | HP: 2/63 [orc warrior/+0 glaive (19)]
  4032 | D:4      | Slain by an orc warrior

Illustrated notes

Levels and vault maps discovered:
D:1:      ncdulo_wetmaze, layout_rooms, minmay_tiny_reverse_x
D:2:      layout_loops_ring, lemuel_doored_altar
D:3:      layout_basic, chequers_ecumenical_altar_simple_redux
D:4:      layout_basic, kennysheep_little_box, nicolae_tso_besieged_by_evil

Skill      XL: |  1  2  3  4 |
---------------+-------------+-----
Maces & Flails | 3 4 |  4.4
Dodging        | 2 |  2.2
Armour         | 2 |  2.7
Fighting       | 4 |  4.1

Action                   |  1- 3 |  4- 6 || total
-------------------------+-------+-------++-------
Melee: Mace              |    91 |   146 ||   237
Invok: Berserk           |     1 |     2 ||     3
       Trog's Hand       |       |     1 ||     1
  Use: Potion            |     2 |     3 ||     5
       Scroll            |       |     6 ||     6
 Stab: Sleeping          |     1 |       ||     1
Armor: Animal skin       |    31 |     7 ||    38
       Chain mail        |       |    94 ||    94
       Ring mail         |       |     6 ||     6
Dodge: Dodged            |    69 |    96 ||   165

Table legend: (Time is in decaauts)
 A = Elapsed time spent in this place.
 B = Non-inter-level travel time spent in this place.
 C = Inter-level travel time spent in this place.
 D = Time resting spent in this place.
 E = Time spent auto-exploring this place.
 F = Levels seen in this place.
 G = Mean time per level.
                   A        B        C        D        E       F      G
               +--------+--------+--------+--------+--------+-----+--------+
         Total |   4102 |   4018 |     84 |   1100 |   2336 |   4 | 1025.5 |
       Dungeon |   4102 |   4018 |     84 |   1100 |   2336 |   4 | 1025.5 |
               +--------+--------+--------+--------+--------+-----+--------+

Top non-repeatable levels by time:
     D:1: 1490 daAuts
     D:2: 1092 daAuts
     D:3: 985 daAuts
     D:4: 535 daAuts
